 Dungeon Crawl Stone Soup version 0.21-a0-104-g7b58145 (webtiles) character file.

116 4thArraOfDagon the Conjurer (level 4, -2/19 HPs)
             Began as a Felid Conjurer on July 6, 2017.
             Slain by Pikel
             ... wielding a +0 whip of electrocution
              (15 damage)
             ... on level 7 of the Dungeon.
             The game lasted 00:07:25 (1515 turns).

4thArraOfDagon the Conjurer (Felid Conjurer)        Turns: 1515, Time: 00:07:26

Health: -2/19      AC:  2    Str:  4    XL:     4   Next: 69%
Magic:  6/8        EV: 22    Int: 17    God:
Gold:   154        SH:  0    Dex: 21    Spells: 3/7 levels left
                                        Lives:  0   Deaths: 1

rFire    . . .     SeeInvis +     - Unarmed
rCold    . . .     Gourm    .   (shield unavailable)
rNeg     + . .     Faith    .   (armour unavailable)
rPois    x         Spirit   .   (helmet unavailable)
rElec    .         Reflect  .   (cloak unavailable)
rCorr    .         Harm     .   (gloves unavailable)
MR       .....                  (boots unavailable)
Stlth    +++.......             (no amulet)
HPRegen  0.06/turn              i - ring of positive energy (curse)
MPRegen  0.11/turn              (no ring)

@: spider-form
A: no armour, no weapons or thrown items, stealth, see invisible, carnivore 3,
slow metabolism 1
a: End Transformation


You were on level 7 of the Dungeon.
You were not hungry.
You were a venomous arachnid creature.
You visited 1 branch of the dungeon, and saw 7 of its levels.

You collected 154 gold pieces.

Inventory:

Jewellery
 i - a cursed ring of positive energy (left front leg)
Scrolls
 c - a scroll of noise
 n - a scroll of enchant armour
 p - 2 scrolls of immolation
Potions
 e - a potion of heal wounds {unknown}
 h - 2 potions of might
 j - a potion of flight {unknown}
 m - a potion of curing
 o - a potion of degeneration {unknown}
 r - a potion of lignification
Books
 a - a book of Conjurations

   Spells                             Type                      Level
   a - Magic Dart                     Conjuration                  1
   b - Searing Ray                    Conjuration                  2
   c - Dazzling Spray                 Conjuration/Hexes            3
   d - Fulminant Prism                Conjuration/Hexes            4
   e - Force Lance                    Conjuration/Translocation    4
   f - Iskenderun's Mystic Blast      Conjuration                  4
 g - a book of Changes

   Spells                             Type                      Level
   a - Beastly Appendage              Transmutation                1
   b - Sticks to Snakes               Transmutation                2
   c - Spider Form                    Transmutation/Poison         3
   d - Ice Form                       Ice/Transmutation            4
   e - Blade Hands                    Transmutation                5
 s - a book of Necromancy

   Spells                             Type                      Level
   a - Pain                           Necromancy                   1
   b - Animate Skeleton               Necromancy                   1
   c - Vampiric Draining              Necromancy                   3
   d - Regeneration                   Charms/Necromancy            3
   e - Animate Dead                   Necromancy                   4
   f - Control Undead                 Necromancy                   4
Comestibles
 b - 2 meat rations
 f - a royal jelly


   Skills:
 - Level 1.0 Fighting
 - Level 3.3 Dodging
 - Level 3.1 Stealth
 * Level 2.6 Unarmed Combat
 + Level 2.4 Spellcasting
 - Level 3.6 Conjurations
 * Level 2.0 Transmutations
 * Level 1.9 Poison Magic


You had 3 spell levels left.
You knew the following spells:

 Your Spells              Type           Power        Failure   Level  Hunger
a - Magic Dart            Conj           ##..         13%         1    #......
b - Spider Form           Tmut/Pois      #.........   45%         3    ###....


Dungeon Overview and Level Annotations

Branches:
Dungeon (7/15)
 Temple: D:4-7

Altars:

Annotations:
D:3 Grinder
D:6 p0werm0de's ghost, amateur DECK
D:7 Joseph; Pikel


Innate Abilities, Weirdness & Mutations

You cannot wear armour.
You are incapable of wielding weapons or throwing items.
Your paws allow you to move quietly. (Stealth)
((You have sharp claws.))
((You have razor-sharp teeth.))
You have supernaturally acute eyesight. (SInv)
You are carnivorous and can eat meat at any time.
((You cover ground quickly.))
((You are covered in fur. (AC +1)))
You have a slow metabolism.
((Your sharp claws are effective at attacking unaware monsters.))


Message History

Pikel is lightly wounded.
Pikel closely misses you.
Unknown command.
You hit Pikel but do no damage.
Pikel looks even sicker.
Pikel is lightly wounded.
Pikel barely misses you.
Unknown command.
Unknown command.
Unknown command.
You hit Pikel but do no damage.
Pikel looks as sick as possible!
Pikel is lightly wounded.
Pikel says, "You'll feel the lick of my whip!"
Pikel hits you with a whip of electrocution.
Unknown command.
Unknown command.
You hit Pikel but do no damage.
Pikel looks as sick as possible!
Pikel is lightly wounded.
Pikel hits you but does no damage.
You are electrocuted!
Ouch! That really hurt!
You die...

### #.. #
######.####.#
#.........#.####
#.# #s# .......
####.####K##...##
#..p............#
#(##.####.##...##
#.##%# #......#
#.##.. ......##
#.###########.#
#####K### #'##
#.......# ##...##


You could see Pikel.

Vanquished Creatures
  A bullfrog (D:7)
  A hound (D:4)
  A hound zombie (D:6)
  5 adders
  An adder skeleton (D:5)
  A leopard gecko (D:6)
  2 orcs
  2 bats
  2 giant cockroaches
  2 goblins (D:1)
  2 kobolds
  A ball python (D:4)
  2 frilled lizards
  A jackal skeleton (D:4)
24 creatures vanquished.

Notes
Turn   | Place    | Note
-------+----------+-------------------------------------------
     0 | D:1      | 4thArraOfDagon the Felid Conjurer began the quest for the Orb.
     0 | D:1      | Reached XP level 1. HP: 7/7 MP: 4/4
     2 | D:1      | Noticed an elf
     2 | D:1      | Noticed a minotaur
     4 | D:1      | Noticed a felid
     6 | D:1      | Noticed an octopode
     6 | D:1      | Noticed a naga
     8 | D:1      | Noticed a tengu
     8 | D:1      | Noticed a troll
    10 | D:1      | Noticed a halfling
    12 | D:1      | Noticed a centaur
    12 | D:1      | Noticed a vine stalker
    14 | D:1      | Noticed a merfolk
    14 | D:1      | Noticed a vampire
    16 | D:1      | Noticed a human
    16 | D:1      | Noticed a draconian
    18 | D:1      | Noticed a spriggan
    20 | D:1      | Noticed a gargoyle
    22 | D:1      | Noticed a ghoul
    22 | D:1      | Noticed an ogre
    24 | D:1      | Noticed a dwarf
    24 | D:1      | Noticed a formicid
    26 | D:1      | Noticed a demonspawn
    26 | D:1      | Noticed a demigod
   160 | D:2      | Reached skill level 1 in Fighting
   160 | D:2      | Reached skill level 1 in Unarmed Combat
   160 | D:2      | Reached XP level 2. HP: 7/12 MP: 4/6
   327 | D:3      | Reached XP level 3. HP: 15/15 MP: 0/7
   330 | D:3      | Noticed Grinder
   370 | D:4      | Learned a level 3 spell: Spider Form
   568 | D:4      | Reached XP level 4. HP: 14/19 MP: 0/8
   692 | D:3      | Reached skill level 1 in Transmutations
   692 | D:3      | Reached skill level 1 in Poison Magic
   729 | D:5      | Entered Level 5 of the Dungeon
   831 | D:6      | Noticed p0werm0de's ghost (amateur DECK)
  1015 | D:7      | Noticed Pikel
  1015 | D:7      | Noticed a slave
  1015 | D:7      | Noticed a slave
  1015 | D:7      | Noticed a slave
  1015 | D:7      | Noticed a slave
  1015 | D:7      | Noticed Joseph
  1336 | D:6      | Noticed an ice beast
  1376 | D:6      | Noticed a bullfrog
  1393 | D:7      | Noticed an orc warrior
  1415 | D:7      | Noticed a bullfrog
  1423 | D:7      | Slain by an orc warrior
  1424 | D:7      | Reached XP level 3. HP: -2/15 MP: 5/7
  1425 | D:7      | Killed a bullfrog
  1425 | D:7      | Reached XP level 4. HP: 19/19 MP: 8/8
  1515 | D:7      | Slain by Pikel

Vault maps used:
D:1:      kb_arrival_jail
D:2:      first_bread, minmay_split_cup_large
D:3:      minmay_misc_feat_roman, uniq_crazy_yiuf_cottage, uniq_grinder,
          uniq_jessica
D:4:      lemuel_crystal_altar
D:5:      uniq_edmund
D:6:      serial_shops, nicolae_shop_trees
D:7:      temple_green, serial_shops, nicolae_shop_window_shopping,
          grunt_ogre_cave, uniq_pikel, uniq_joseph

Skill      XL: |  1  2  3  4 |
---------------+-------------+-----
Fighting       | 1 |  1.0
Dodging        | 3 |  3.3
Unarmed Combat | 1 2 |  2.6
Stealth        | 3 |  3.1
Transmutations | 2 1 |  2.0
Poison Magic   | 1 |  1.9
Spellcasting   | |  2.4
Conjurations   | |  3.6

Action                   |  1- 3 |  4- 6 || total
-------------------------+-------+-------++-------
Melee: Unarmed           |    10 |    20 ||    30
       Bite              |     2 |       ||     2
 Cast: Magic Dart        |    34 |    28 ||    62
       Spider Form       |       |     2 ||     2
  Use: Potion            |     1 |       ||     1
       Scroll            |       |     8 ||     8
 Stab: Sleeping          |     4 |     3 ||     7
  Eat: Chunk             |     4 |     5 ||     9
Armor: Skin              |     1 |     3 ||     4
Dodge: Dodged            |    35 |    35 ||    70
